AoeStats
← killinserotonin

Arena

513549570Analyzed
3v3 RM · 3d ago on Oct 14, 2026· 33m 29s· 6 players
Game mode
Random Map
Map size
Normal (6 player)
Population
200
Speed
Normal
Resources
Standard
Victory
Conquest
Starting age
Dark Age
Ending age
Imperial Age
RankedLock teamsTeams togetherTeam positionsShared explorationLock speedFull tech treeHidden civsTurbo modeCheats
Victory
Defeat
🇨🇴 Turks · Colombia
1309
+8
🇵🇦 Malians · Panama
1299
+8
🇨🇴 Teutons · Colombia
991
+19
vs
🇺🇸 Turks · United States
1133
-13
🇻🇳 Celts · Vietnam
1091
-11
🇺🇸 Malay · United States
1075
-11
killinserotonin
13:34 Feudal Age
14:13 Double-Bit Axe
14:31 Horse Collar
17:26 Castle Age
17:09 Gold Mining
22:21 Imperial Age
21:15 Bow Saw
21:55 Loom
23:00 Scale Barding Armor
25:34 Chain Barding Armor
25:27 Bloodlines
26:12 Wheelbarrow
Gary Bigtoes
11:23 Feudal Age
9:40 Loom
14:43 Castle Age
14:24 Fletching
17:54 Forging
24:49 Crossbowman
26:38 Double-Bit Axe
28:30 Bodkin Arrow
30:35 Padded Archer Armor
32:40 Ballistics
kyokiroto
9:48 Feudal Age
17:01 Castle Age
15:21 Double-Bit Axe
15:19 Horse Collar
16:23 Gold Mining
16:24 Stone Mining
19:03 Bow Saw
21:20 Heavy Plow
23:24 Wheelbarrow
27:20 Hand Cart
31:17 Imperial Age
30:35 Gold Shaft Mining
30:35 Stone Shaft Mining
31:00 Scale Mail Armor
31:10 Forging
30:41 Pikeman
31:07 Gambesons
31:08 Arson
FC_M@sTer
11:10 Feudal Age
15:25 Castle Age
13:28 Double-Bit Axe
13:55 Horse Collar
19:55 Imperial Age
19:00 Bow Saw
19:38 Gold Mining
19:56 Padded Archer Armor
32:55 Loom
Juanfreelance
8:19 Loom
11:04 Feudal Age
14:41 Castle Age
22:24 Horse Collar
26:48 Heavy Plow
26:34 Double-Bit Axe
29:25 Bow Saw
33:48 Wheelbarrow
33:13 Town Watch
33:38 Gold Mining
FC_Satuplese
11:41 Feudal Age
13:02 Wheelbarrow
12:18 Double-Bit Axe
17:24 Castle Age
16:57 Horse Collar
17:05 Double-Bit Axe
17:13 Gold Mining
18:57 Heavy Plow
19:12 Bow Saw
19:36 Bloodlines
23:03 Hand Cart
25:28 Scale Barding Armor
25:33 Forging
28:55 Chain Barding Armor
29:10 Iron Casting
35:18 Imperial Age
Connection lost

Rejoining the realm…

Still unreachable

The connection could not be restored.

Session expired

The server has moved on; the page needs a fresh start.